 Dungeon Crawl Stone Soup version 0.31-a0-925-g0a390f2509 (webtiles) character file.

Game seed: 6796615032300735452

3253 Getoffmy the Fighter (level 10, 0/160 HPs)
             Began as an Ogre Gladiator on Oct 18, 2023.
             Was a Priest of Qazlal.
             Succumbed to a kobold brigand's poison
             ... on level 8 of the Dungeon.
             The game lasted 00:10:11 (6391 turns).

Getoffmy the Fighter (Ogre Gladiator)               Turns: 6391, Time: 00:10:11

Health: 0/160      AC: 25    Str: 30    XL:     10   Next: 0%
Magic:  6/15       EV:  1    Int:  9    God:    Qazlal [***...]
Gold:   350        SH:  4    Dex: 10    Spells: 9/9 levels left

rFire   . . .        C - +0 giant club
rCold   . . .        (shield currently unavailable)
rNeg    . . .        b - melded +0 robe
rPois   +            c - melded +1 hat
rElec   .            (cloak currently unavailable)
rCorr   .            (gloves unavailable)
SInv    .            (boots unavailable)
Will    +....        q - amulet of guardian spirit
Stlth   +            n - +4 ring of slaying
HPRegen 0.46/turn    A - ring of Tuazawuv {Will+ Str+6 Slay+3}
MPRegen 0.14/turn

%: guardian spirit
@: lethally poisoned (0 -> -3), tree-form, weak-willed, attractive, hasted, very
quick
A: stationary, stasis, torment immunity, boosted hp, large, unfitting armour,
(tough skin 1)
a: Renounce Religion, Upheaval, Elemental Force


You were on level 8 of the Dungeon.
You worshipped Qazlal.
Qazlal was most pleased with you.
You were a tree.
You visited 1 branch of the dungeon, and saw 8 of its levels.

You collected 350 gold pieces.

Inventory:

Hand Weapons
 a - a +0 flail
 p - a +0 mace of electrocution
 C - a +0 giant club (weapon)
Missiles
 d - 5 throwing nets
 e - a large rock (quivered)
 h - 3 curare-tipped darts
 j - 41 stones
 r - 11 poisoned darts
Armour
 b - a +0 robe (melded)
 c - a +1 hat (melded)
 B - +1 steam dragon scales
Jewellery
 n - a +4 ring of slaying (left branch)
 q - an amulet of guardian spirit (around neck)
 x - a +5 ring of evasion
 y - a +6 ring of dexterity
 A - the ring of Tuazawuv (right branch) {Will+ Str+6 Slay+3}
   (You found it on level 6 of the Dungeon)

   [ring of strength]

   Str+6:     It affects your strength (+6).
   Slay+3:    It affects your accuracy & damage with ranged weapons and melee
   (+3).
   Will+:     It increases your willpower.
 D - a +4 ring of protection
Wands
 w - a wand of flame (26)
 z - a wand of digging (7)
Scrolls
 f - 3 scrolls of fear
 g - 2 scrolls of poison
 k - 5 scrolls of teleportation
 l - 5 scrolls of fog
 m - 2 scrolls of vulnerability
 u - 2 scrolls of immolation
 F - 2 scrolls of amnesia
Potions
 t - a potion of berserk rage
 v - 3 potions of haste


   Skills:
 + Level 9.4 Fighting
 * Level 9.4 Maces & Flails
 - Level 2.0 Throwing
 - Level 2.6 Dodging
 + Level 7.2 Invocations


You had 9 spell levels left.
You didn't know any spells.
Your spell library contained the following spells:

 Spells                   Type           Power      Damage    Failure   Level
 Freeze                   Ice            0%         1d3       38%         1
 Frozen Ramparts          Ice            0%         1d1       77%         3
 Hailstorm                Conj/Ice       0%         3d3       77%         3
 Ozocubu's Armour         Ice            0%         N/A       77%         3
 Metabolic Englaciation   Hex/Ice        0%         N/A       100%        5
 Simulacrum               Ice/Necr       0%         N/A       100%        6


Dungeon Overview and Level Annotations

Branches:
Dungeon (8/15)             Temple (0/1) D:7
   Lair: D:8-11

Altars:
Kikubaaqudgha
Makhleb
Qazlal
Ru


Innate Abilities, Weirdness & Mutations

You are a tree.
Your roots penetrate the ground, keeping you stationary.
You cannot be teleported.
You are immune to unholy pain and torment.
Your maximum health is greatly increased.
Your equipment is partially melded.
You are too large for most types of armour.
((You have tough skin. (AC +1)))


Message History

The kobold brigand throws a poisoned dart.
The poisoned dart hits you!
You are lethally poisoned!
The kobold brigand is attracted toward you.
* * * LOW HITPOINT WARNING * * *
You feel very sick.
You crush the kobold brigand like a grape!!!
You kill the kobold brigand!
Qazlal accepts your kill.
* * * LOW HITPOINT WARNING * * *
You feel sick.
You have reached level 10!
* * * LOW HITPOINT WARNING * * *
You feel sick.
Okay, then.
* * * LOW HITPOINT WARNING * * *
You feel sick.
As you read the scroll labelled RATEJI VABUI, it crumbles to dust.
You hear a loud clanging noise!
It was a scroll of noise.
* * * LOW HITPOINT WARNING * * *
You feel sick.
You hear a shout! x4
Something shouts, "Begone, thou mammering guts-griping giglet!"
You hear a shout!
Okay, then.
As you read the scroll labelled BEOT ROCIBBYRU, it crumbles to dust.
Magic quickly surges around you.
It was a scroll of vulnerability.
* * * LOW HITPOINT WARNING * * *
You feel sick.
You turn into a tree.
Your +1 hat melds into your body.
Your +0 robe melds into your body.
Your roots penetrate the ground.
* * * LOW HITPOINT WARNING * * *
You feel sick.
Unknown command.
There is a lethal amount of poison in your body!
There is a lethal amount of poison in your body!
* * * LOW HITPOINT WARNING * * *
You feel sick.
You die...

## $.#
###################### ...
...................... #..
...####.############## #.#
#.# #.# ###.#######
#.########♣........#
#.)......#.#...[##.######
#.##.§..)....##.##....†.#
#.##.#######.##.#######.##
##.##.# #.##.##.....†[##
#...#.# #.##.##.####...[
#.†.#.# #.##.##.####..##
#...#.# #.##.##.##....#
##.##.# #.##.##.##.#..##


There were no monsters in sight!

Vanquished Creatures
  Maggie (D:8)
  A hornet (D:4)
  Prince Ribbit (D:8)
  A wyvern (D:7)
  6 yaks (D:8)
  3 water moccasins
  An ice beast (D:7)
  A centaur (D:6)
  An ogre (D:7)
  A bullfrog (D:4)
  A kobold brigand (D:8)
  A scorpion (D:5)
  10 killer bees
  4 hounds
  2 jellies
  An orc priest (D:5)
  A sleepcap (D:7)
  2 iguanas
  7 adders
  A shadow imp (D:4)
  A white imp (D:7)
  2 ufetubi (D:5)
  3 worms
  2 dart slugs (D:2)
  7 orcs
  3 endoplasms
  2 giant cockroaches
  3 hobgoblins
  6 jackals
  4 kobolds
  5 quokkas
  10 ball pythons
  8 bats
  3 frilled lizards
  2 goblins (D:1)
  7 rats
115 creatures vanquished.

Notes
Turn   | Place    | Note
-------+----------+-------------------------------------------
     0 | D:1      | Getoffmy the Ogre Gladiator began the quest for the Orb.
     0 | D:1      | Reached XP level 1. HP: 22/22 MP: 1/1
   216 | D:1      | Reached XP level 2. HP: 17/31 MP: 2/2
   643 | D:1      | Found a faded altar of an unknown god.
   663 | D:1      | Prayed at the altar of an unknown god.
   663 | D:1      | Became a worshipper of Qazlal Stormbringer
   663 | D:1      | Reached * piety under Qazlal
  1092 | D:2      | Reached XP level 3. HP: 37/37 MP: 3/3
  1169 | D:2      | Reached skill level 1 in Invocations
  1256 | D:2      | Reached ** piety under Qazlal
  1342 | D:2      | Reached XP level 4. HP: 48/48 MP: 4/4
  2102 | D:4      | Noticed a bullfrog
  2110 | D:4      | Killed a bullfrog
  2111 | D:4      | Reached XP level 5. HP: 25/55 MP: 2/6
  2295 | D:4      | Found an ancient bone altar of Kikubaaqudgha.
  2566 | D:4      | Noticed a hornet
  2573 | D:4      | Killed a hornet
  2574 | D:4      | Reached skill level 5 in Fighting
  2574 | D:4      | Reached skill level 5 in Maces & Flails
  2574 | D:4      | Reached XP level 6. HP: 34/66 MP: 4/8
  2872 | D:5      | Entered Level 5 of the Dungeon
  2880 | D:5      | Reached XP level 7. HP: 72/72 MP: 9/9
  2903 | D:5      | Found a sacrificial altar of Ru.
  3874 | D:6      | Reached *** piety under Qazlal
  3875 | D:6      | Reached XP level 8. HP: 77/83 MP: 11/11
  3964 | D:6      | Found a burning altar of Makhleb.
  4314 | D:6      | Identified the ring of Tuazawuv {Will+ Str+6 Slay+3}
  4849 | D:6      | Reached skill level 5 in Invocations
  5081 | D:7      | Noticed a wyvern
  5086 | D:7      | Killed a wyvern
  5266 | D:7      | Identified the +0 scale mail of a treasure trove {Fly
                  | Will+}
  5432 | D:7      | Found a staircase to the Ecumenical Temple.
  5601 | D:8      | HP: 6/130 [killer bee (3)]
  5952 | D:8      | Reached XP level 9. HP: 96/96 MP: 13/13
  6340 | D:8      | Noticed Maggie
  6340 | D:8      | Noticed Prince Ribbit
  6347 | D:8      | Killed Maggie
  6369 | D:8      | Killed Prince Ribbit
  6385 | D:8      | Reached XP level 10. HP: 6/107 MP: 6/15
  6385 | D:8      | HP: 4/107 [poisoned by a kobold brigand]
  6388 | D:8      | HP: 1/107 [poisoned by a kobold brigand]
  6391 | D:8      | Succumbed to a kobold brigand's poison

Illustrated notes

Levels and vault maps discovered:
D:1:      saegor_arrival_under_anarchy, layout_basic,
          nicolae_ecumenical_snake_handling, hangedman_decor_lopped,
          minmay_pentomino_v4
D:2:      layout_rooms, serial_park_tiny_pond, grunt_ministairs_3, st_stairs_4,
          bh_walls_and_bars
D:3:      layout_basic
D:4:      layout_rooms, kiku_gazebo_pond_becter, serial_glass, glass_columns_a,
          glass_columns_a
D:5:      layout_basic, mainiacjoe_overflow_24_doors, serial_bayou_crossing
D:6:      layout_gridville, makhleb_blood_cavern_becter
D:7:      layout_loops_ring, lemuel_temple_firewalk_a
D:8:      minmay_octagon_keep, layout_loops_ring, minmay_misc_feat_enclosed,
          uniq_maggie, uniq_prince_ribbit1

Skill      XL: |  1  2  3  4  5  6  7  8  9 |
---------------+----------------------------+-----
Fighting       | 3 4 5 6 7 9 |  9.4
Maces & Flails | 3 4 5 6 7 9 |  9.4
Invocations    | 1 2 3 4 5 7 |  7.2
Throwing       | |  2.0
Dodging        | |  2.6

Action                     |  1- 3 |  4- 6 |  7- 9 | 10-12 || total
---------------------------+-------+-------+-------+-------++-------
  Melee: Flail             |    44 |       |       |       ||    44
         Mace              |    35 |    87 |    48 |       ||   170
         Punch             |     1 |       |       |       ||     1
         Giant club        |       |       |    76 |       ||    76
    Use: Potion            |       |     1 |     8 |     1 ||    10
         Scroll            |       |       |    15 |     2 ||    17
 Armour: Robe              |    55 |    66 |   103 |       ||   224
         Skin              |       |    23 |    60 |       ||    83
  Dodge: Dodged            |    49 |    59 |    94 |       ||   202
  Block: Other             |     1 |    14 |    35 |       ||    50

Table legend: (Time is in decaauts)
 A = Elapsed time spent in this place.
 B = Non-inter-level travel time spent in this place.
 C = Inter-level travel time spent in this place.
 D = Time resting spent in this place.
 E = Time spent auto-exploring this place.
 F = Levels seen in this place.
 G = Mean time per level.
                   A        B        C        D        E       F      G
               +--------+--------+--------+--------+--------+-----+--------+
         Total |   6534 |   6156 |    378 |   1198 |   3932 |   8 |  816.8 |
       Dungeon |   6534 |   6156 |    378 |   1198 |   3932 |   8 |  816.8 |
               +--------+--------+--------+--------+--------+-----+--------+

Top non-repeatable levels by time:
     D:6: 1302 daAuts
     D:1: 998 daAuts
     D:4: 952 daAuts
     D:8: 810 daAuts
     D:5: 780 daAuts
     D:7: 657 daAuts
     D:2: 543 daAuts
     D:3: 488 daAuts
